Map: Lerilak Crest

Players

SwampFox - Winner!

  • Race: Terran Terran
  • League: Gold

LilDicky

  • Race: Terran Terran
  • League: Diamond

VOD

http://www.twitch.tv/tumescentpie

Description

Time

  • Played on: Dec. 10, 2015, 4:40 p.m.
  • Length: 9:47
Show
View Real Time Build Order
Export as new Build Order

SwampFox Terran - Winner!

Build Orders:  

Get SALT Encoding   

  12  0:01  SCV  
  13  0:13  SCV  
  14  0:20  Supply Depot  
  14  0:26  SCV  
  15  0:38  Refinery  
  15  0:42  SCV  
  16  0:46  Barracks  
  16  0:55  SCV  
  17  0:57  Refinery  
  17  1:07  SCV  
  18  1:20  SCV  
  19  1:34  Supply Depot, Reaper  
  19  1:37  Orbital Command  
  20  1:53  Factory  
  20  2:04  SCV  
  21  2:19  SCV  
  22  2:24  Reaper  
  23  2:31  SCV  
  23  2:34  Supply Depot  
  23  2:47  Hellion  
  25  2:54  SCV  
  25  2:56  Starport  
  26  2:58  Barracks Reactor  
  26  3:07  Command Center  
  26  3:16  Hellion  
  28  3:21  SCV  
  29  3:34  SCV  
  29  3:53  SCV  
  30  3:56  Reaper x2  
  32  4:05  SCV  
  33  4:17  SCV  
  33  4:20  Orbital Command  
  34  4:26  Medivac  
  34  4:27  Factory Tech Lab  
  34  4:29  SCV  
  38  4:34  Marine x2  
  38  4:35  Barracks  
  39  4:49  Siege Tank  
  39  4:50  SCV x2  
  44  4:56  Supply Depot  
  44  5:00  Barracks  
  44  5:02  Marine x2  
  46  5:31  Marine x3  
  49  5:49  Marine x3  
  52  5:56  SCV x2  
  54  6:07  Marine  
  54  6:08  SCV x2  
  57  6:20  SCV x2  
  59  6:28  Marine x3  
  62  6:35  Supply Depot x2  
  62  6:36  Supply Depot x2  
  62  6:57  Siege Tank  
  64  7:10  Marine x2  
  64  7:12  Barracks Reactor  
  64  7:15  Barracks Tech Lab  
  66  7:21  Medivac  
  66  7:22  Supply Depot  
  68  7:24  Supply Depot  
  68  7:29  Siege Tank  
  71  7:54  Starport Tech Lab  
  71  8:01  Siege Tank  
  71  8:03  Fusion Core  
  71  8:05  Liberator  
  73  8:07  Orbital Command, Marine x3  
  73  8:08  Marine x2  
  77  8:25  Marine  
  81  8:32  Starport  
  81  8:33  Siege Tank  
  84  8:36  Factory  
  84  8:39  Barracks x2  
  84  8:41  Barracks  
  76  9:06  Marine x5  
  80  9:41  Command Center  
Show
View Real Time Build Order
Export as new Build Order

LilDicky Terran 

Build Orders: Reaper Expand 

Get SALT Encoding   

  12  0:07  SCV  
  13  0:19  SCV  
  14  0:23  Supply Depot  
  14  0:32  SCV  
  15  0:45  SCV  
  15  0:48  Barracks  
  16  0:52  Refinery  
  16  1:02  SCV  
  17  1:14  SCV  
  18  1:26  SCV  
  18  1:31  Refinery  
  19  1:46  Orbital Command  
  19  1:47  Supply Depot  
  19  1:48  Reaper  
  20  2:05  Command Center  
  20  2:20  Reaper, Engineering Bay  
  20  2:21  SCV  
  22  2:33  SCV  
  23  2:48  SCV  
  24  2:52  Reaper  
  24  2:58  Supply Depot  
  25  3:00  SCV  
  26  3:12  SCV  
  27  3:28  Hi-Sec Auto Tracking  
  25  3:50  Reaper  
  24  4:22  Reaper  
  25  4:26  Command Center  
  25  4:27  Command Center  
  25  4:28  Command Center  
  25  4:32  SCV  
  26  4:44  SCV  
  27  4:57  SCV  
  27  4:58  Reaper  
  29  5:09  SCV  
  28  5:16  Barracks  
  28  5:17  Barracks x3  
  28  5:19  Barracks  
  27  5:21  SCV  
  27  5:34  SCV  
  26  5:41  Orbital Command  
  24  5:46  SCV  
  23  5:55  Planetary Fortress  
  18  6:06  Reaper  
  4  6:37  Marine  
  2  6:41  SCV x2  
  2  6:42  SCV  
  5  7:01  Reaper  
  5  7:07  SCV  
  5  7:13  Planetary Fortress  
  3  7:17  SCV  
  3  7:18  SCV  
  3  7:20  SCV  
  6  7:41  SCV, Orbital Command  
  5  7:46  Orbital Command  
  5  7:54  SCV  
  6  8:10  Reaper  
  7  8:16  SCV x4  
  9  8:28  SCV  
  9  8:30  SCV  
  9  8:31  SCV  
  12  8:42  Reaper  
  13  8:55  SCV  
  14  8:59  SCV  
  15  9:03  SCV  
  15  9:08  Orbital Command  
  15  9:09  Barracks  
  16  9:19  SCV  
  16  9:20  SCV  
  16  9:21  Orbital Command  
  19  9:31  SCV  
Tags
 
Add a new tag
Caveats
  • Supply blocks, unpowered buildings, or Contaminate may cause inaccurate times.
  • Supply counts are checked every 10 seconds.